[Event "Late-Titled-Tuesday-Blitz-May-14-2024"]
[Site "Chess.com"]
[Date "2024.05.14"]
[Round "9"]
[White "Durarbayli"]
[Black "CarlosjPineror"]
[Result "1-0"]
[WhiteElo "2948"]
[BlackElo "2746"]
[TimeControl "180+1"]
[EndTime "15:44:25 PDT"]
[Termination "Durarbayli won by resignation"]

1. e4 c5 2. Nf3 e6 3. d4 cxd4 4. Nxd4 a6 5. c4 Qc7 6. Nc3 Nf6 7. Be3 Be7 8. Be2 d6 9. g4 b6 10. g5 Nfd7 11. Qc2 Bb7 12. O-O-O Nc6 13. Kb1 O-O-O 14.
h4 Kb8 15. Rc1 Rc8 16. Qd2 Qd8 17. f4 Nc5 18. Nxc6+ Bxc6 19. Bf3 Qc7 20. Ka1 Qb7 21. Rhe1 f5 22. gxf6 Bxf6 23. Qxd6+ Ka8 24. Bxc5 Rhd8 25. Qxe6 bxc5 26. e5 Bxf3 27. exf6 Rd2 28. Rb1 gxf6 29. Qxf6 Rc6 30. Qf8+ Ka7 31. Re7 Rc7 32. Re5 Qb6 33.
Re7 Bb7 34. Rxc7 Qxc7 35. f5 Rf2 36. Re1 Qb6 37. Rb1 Qc7 38. a3 Qe5 39. Na4 Rxf5 40. Qd8 Qf6 41. Qc7 Qc6 42. Qxh7 Rf2 43. Nc3 Rg2 44.
Qd3 Qf3 45. Qxf3 Bxf3 46. Rf1 Bc6 47. Rf7+ Kb6 48. Rf6 Kc7 49. h5 Rh2 50. h6 Rh1+ 51.
Ka2 Rh4 52. Nd5+ Bxd5 53. cxd5 a5 54. Rc6+ Kb7 55. Rxc5 Rxh6 56. Rxa5 Kb6 57. Ra4 Kc5 58. Ra5+ Kb6 59. b4 Rh3 60. Rc5 Rg3 61. Kb2 Rf3 62. a4 Rd3 63. a5+ Ka6 64. Kc2 Rd4 65. Kc3 Rd1 66.
Rc6+ Kb5 67. Rb6+ Ka4 68. d6 Ka3 69. Kc4 Ka4 70. Kc5 Rd2 71. Kc6 1-0

[Event "Late-Titled-Tuesday-Blitz-May-14-2024"]
[Site "Chess.com"]
[Date "2024.05.14"]
[Round "9"]
[White "Akhayan"]
[Black "GMthekingindian"]
[Result "0-1"]
[WhiteElo "2442"]
[BlackElo "2334"]
[TimeControl "180+1"]
[EndTime "15:44:28 PDT"]
[Termination "GMthekingindian won on time"]

1. e4 c5 2. Nf3 e6 3. d4 cxd4 4. c3 Nf6 5. e5 Nd5 6. cxd4 d6 7. Bc4 Be7 8. O-O O-O 9. Re1 b6 10. Bxd5 exd5 11. Nc3 Bb7 12. e6 fxe6 13. Qe2 e5 14.
dxe5 dxe5 15. Qxe5 Bf6 16. Qe6+ Kh8 17. Be3 d4 18.
Rad1 Bxf3 19. gxf3 Na6 20. Qc4 Qc8 21. Qxc8 Raxc8 22. Bxd4 Bxd4 23. Rxd4 Nc5 24. Kg2 Rf6 25. Ne4 Rg6+ 26.
Ng3 h6 27. Red1 Kh7 28. Rd8 Rc7 29. R8d6 Ne6 30. Kf1 Rc2 31. R6d2 Rc5 32. Ne2 Rh5 33. Ng3 Rxh2 34. Rd6 Rh4 35. Re1 Nc5 36. Rxg6 Kxg6 37.
Re7 a5 38. Rc7 Rb4 39. Rc6+ Kh7 40. b3 a4 41. bxa4 Nxa4 42. Nf5 Rb5 43. Nd6 Rb1+ 44. Kg2 Rb2 45. Rc7 Rxa2 46. Nf5 Nc5 47. Rxg7+ Kh8 48. Rc7 Ne6 49. Rc6 Ng5 50. Rxh6+ Nh7 51. Rxb6 Ra5 52. Rb8+ Nf8 53. Rb7 Ng6 54. Kg3 Rxf5 55.
Kg4 Rf8 56. Kg5 Ne5 57. f4 Nf7+ 58. Kg6 Nd6 59. Rd7 Ne8 60. f5 Rf6+ 61. Kg5 Rf8 62.
Rd8 Kg8 63. f4 Kf7 64. Rd7+ Kg8 65. Re7 Nf6 66. Kg6 Ne8 0-1

[Event "Late-Titled-Tuesday-Blitz-May-14-2024"]
[Site "Chess.com"]
[Date "2024.05.14"]
[Round "9"]
[White "Kildepiotr"]
[Black "Ramil_Faizrakhmanov"]
[Result "1/2-1/2"]
[WhiteElo "2740"]
[BlackElo "2858"]
[TimeControl "180+1"]
[EndTime "15:44:30 PDT"]
[Termination "Game drawn by repetition"]

1. Nf3 Nf6 2. g3 g6 3. Bg2 Bg7 4. O-O O-O 5. d4 d6 6. Nbd2 Nbd7 7.
e4 e5 8. dxe5 dxe5 9. Qe2 c6 10.
a4 a5 11. b3 Re8 12. Bb2 Qc7 13.
Nc4 b6 14. Rfd1 Ba6 15. Nfd2 Nc5 16. Qe1 Nfd7 17. Bh3 Ne6 18. Bxe6 Rxe6 19. Ne3 Ree8 20. Ndc4 Nc5 21. f3 Rad8 22. Rxd8 Rxd8 23. Rd1 Rxd1 24. Qxd1 Ne6 25. Qd6 Qxd6 26. Nxd6 Bf8 27. Ndc4 Bc5 28. Kf2 Bxc4 29. bxc4 Bxe3+ 30. Kxe3 f6 31. f4 exf4+ 32.
gxf4 Kf7 33. Ba3 g5 34. f5 Nc5 35. Kd4 Nxa4 36. Bd6 Nc5 37. Bc7 Nd7 38. c5 bxc5+ 39. Kc4 h5 40. Bxa5 h4 41. Kd3 Ne5+ 42. Ke2 g4 43. Bc7 Nf3 44. Kf2 Nd4 45. c4 Nf3 46. h3 Nd2 47. hxg4 Nxe4+ 48. Ke3 Nc3 49. Bd6 h3 50. Kf3 Na4 51. Kg3 Nb6 52. Kxh3 Nxc4 53. Bxc5 Nd2 54. Kg2 Nb3 55. Bd6 c5 56. Kf3 c4 57.
Ke3 Na5 58. Bb4 Nc6 59. Bd6 Ne5 60. Bxe5 fxe5 61. g5 Kg7 62. Ke4 Kf7 63. Ke3 Kg7 64.
Ke4 Kf7 65. f6 Kg6 66. Ke3 Kf7 67. Ke4 Ke6 68. Ke3 Kf7 69. Ke4 1/2-1/2

[Event "Late-Titled-Tuesday-Blitz-May-14-2024"]
[Site "Chess.com"]
[Date "2024.05.14"]
[Round "9"]
[White "Polish_fighter3000"]
[Black "KuzubovYuriy"]
[Result "1-0"]
[WhiteElo "3110"]
[BlackElo "2942"]
[TimeControl "180+1"]
[EndTime "15:44:31 PDT"]
[Termination "Polish_fighter3000 won on time"]

1. Nf3 d5 2. c4 d4 3. b4 g5 4. Qb3 Bg7 5. Nxg5 e5 6. Nh3 Ne7 7.
g3 a5 8. b5 Nd7 9. Ba3 e4 10.
Bg2 a4 11. Qd1 d3 12. Nc3 Ne5 13. O-O Nxc4 14. Bxe7 Qxe7 15. exd3 exd3 16. Re1 Be6 17. Bxb7 Rd8 18. Bc6+ Kf8 19. Nf4 Bxc3 20. dxc3 d2 21.
Nxe6+ fxe6 22. Re4 Qc5 23. Qg4 Rg8 24. Qf4+ Kg7 25. Rd1 Nd6 26. Rxe6 Rgf8 27. Qd4+ Qxd4 28. cxd4 Nc4 29. d5 Rf3 30. Kg2 Rc3 31. Re2 Rc2 32.
a3 Rf8 33. Re7+ Rf7 34. d6 cxd6 35. Rxf7+ Kxf7 36. Bd5+ Kf6 37. Bxc4 Rxc4 38. Rxd2 Ke7 39. b6 Kd7 40. b7 Kc7 41. Rxd6 Rc3 42. Rb6 Kb8 43. h4 Rxa3 44. Rb4 Ra1 45. h5 a3 46. Rb3 a2 47. Ra3 Kxb7 48. g4 Kc6 49. g5 Kd6 50. g6 hxg6 51. h6 Rb1 52. Rxa2 Rb5 53. Ra6+ Ke7 54. Rxg6 Kf7 55. Ra6 Rg5+ 56. Kh3 Rh5+ 57. Kg4 Rb5 58. f4 Rc5 59. Rb6 Ra5 60.
Rc6 Rb5 61. Rd6 Ra5 62. Rd7+ Kg8 63. Rg7+ Kh8 64. Rf7 Kg8 65. Rf5 Ra6 66. Kg5 Ra1 67.
Kg6 Rg1+ 68. Rg5 Ra1 69. f5 1-0

[Event "Late-Titled-Tuesday-Blitz-May-14-2024"]
[Site "Chess.com"]
[Date "2024.05.14"]
[Round "9"]
[White "GelmanAlexander"]
[Black "PepeCuenca"]
[Result "1-0"]
[WhiteElo "2697"]
[BlackElo "2806"]
[TimeControl "180+1"]
[EndTime "15:44:31 PDT"]
[Termination "GelmanAlexander won on time"]

1. c4 Nf6 2. Nf3 g6 3. d3 Bg7 4. e3 O-O 5. Be2 c5 6. a3 d5 7.
cxd5 Nxd5 8. O-O Nc6 9. Qc2 b6 10. Nbd2 Bb7 11. Ne4 Rc8 12. Bd2 e5 13. Rac1 h6 14.
Qb1 a5 15. Qc2 Qd7 16. Rfd1 Kh7 17. h3 f5 18. Ng3 Ba6 19. Qb3 Rb8 20. h4 h5 21. Bc3 Nxc3 22. bxc3 Bf6 23. d4 Bxe2 24. Nxe2 e4 25. Ng5+ Bxg5 26. hxg5 cxd4 27. cxd4 Ne7 28. Nf4 Qd6 29. d5 Rfc8 30. Rxc8 Rxc8 31. a4 Rc5 32.
Qb2 Rc8 33. Ne6 Rg8 34. Qf6 Nxd5 35. Qf7+ Kh8 36. Nf4 Qe7 37. Qxd5 Qxg5 38. Qf7 Qh6 39. Rd7 h4 40. Ne6 h3 41. Ng5 h2+ 42. Kh1 Rf8 43. Qh7+ Qxh7 44. Rxh7+ Kg8 45. Kxh2 Rc8 46. Rb7 Rc4 47.
Rxb6 Kg7 48. Rb7+ Kf6 49. Nh7+ Ke6 50. Nf8+ Kd5 51. Nxg6 Rxa4 52. Ne7+ Kc4 53. Nxf5 Ra2 54. Kg3 a4 55. Nd6+ Kd3 56. Rb4 a3 57. Rd4+ Kc3 58. Nxe4+ Kb3 59. Nc5+ Kc3 60. Ra4 Ra1 61. f4 a2 62. f5 Kb2 63. f6 Rf1 64. Ne4 a1=Q 65. Rxa1 Kxa1 66. Nf2 Re1 67. f7 Rxe3+ 68. Kg4 1-0

[Event "Late-Titled-Tuesday-Blitz-May-14-2024"]
[Site "Chess.com"]
[Date "2024.05.14"]
[Round "9"]
[White "imdvb6307"]
[Black "TheWiscoIndian"]
[Result "0-1"]
[WhiteElo "2524"]
[BlackElo "2262"]
[TimeControl "180+1"]
[EndTime "15:44:31 PDT"]
[Termination "TheWiscoIndian won by checkmate"]

1. d4 Nf6 2. Nf3 e6 3. Bg5 Be7 4. Nbd2 d6 5. e4 Nbd7 6. Bd3 e5 7. c3 h6 8. Bh4 c6 9. O-O Qc7 10.
dxe5 Nxe5 11. Nxe5 dxe5 12. Nc4 b5 13. Ne3 g6 14. a4 Bd7 15. axb5 cxb5 16. Ra6 g5 17.
Bg3 Qb7 18. Qa1 Nxe4 19. Bxe5 Nc5 20. Bxh8 Nxa6 21. Nf5 Nc5 22. Bc2 Ne6 23. Nxe7 Kxe7 24. Be5 Kf8 25. Bd6+ Kg8 26. Qe1 Bc6 27. f3 Bd5 28. Be5 Re8 29. Qg3 Ng7 30. Bd4 Ne6 31. Re1 Qd7 32. Bf6 Ng7 33. Bxg7 Kxg7 34. Rd1 Qe6 35. Qf2 Bc4 36. Qd4+ Qf6 37. Qxf6+ Kxf6 38. b3 Be6 39. b4 Rc8 40. Bd3 Rxc3 41. Bxb5 Rc2 42.
Rd4 Rb2 43. Bd3 Bf5 44. Rd6+ Ke5 45. Rd8 Bxd3 46. Rxd3 Rxb4 47. Rd7 a5 48. Rxf7 a4 49. Ra7 h5 50. Kf2 h4 51. Ke3 Rb3+ 52. Kd2 Rb2+ 53. Kc3 Rxg2 54. Rxa4 Rxh2 55. Kd3 Rg2 56. Ke3 h3 57.
Ra5+ Kf6 58. Ra6+ Kg7 59. Ra1 h2 60. Rh1 Kg6 61. Ke4 Kh6 62. Kf5 Kh5 63. f4 g4 64. Kf6 g3 65. f5 Kh4 66. Kg7 Kh3 67.
f6 Rf2 68. f7 g2 69. Ra1 g1=Q+ 70. Kh7 Qxa1 71. f8=Q Rxf8 72. Kg6 Rf1 73. Kg5 Qb2 74. Kg6 Qg2+ 75. Kh7 Rf4 76. Kh6 Rh4# 0-1

[Event "Late-Titled-Tuesday-Blitz-May-14-2024"]
[Site "Chess.com"]
[Date "2024.05.14"]
[Round "9"]
[White "Abund"]
[Black "Gangster-accountant01"]
[Result "1-0"]
[WhiteElo "2780"]
[BlackElo "2587"]
[TimeControl "180+1"]
[EndTime "15:44:32 PDT"]
[Termination "Abund won by resignation"]

1. e4 e5 2. Nf3 Nc6 3. Bb5 a6 4. Ba4 d6 5. O-O Bd7 6. c4 g6 7. d4 exd4 8. Nxd4 Bg7 9. Be3 Nge7 10. Nc3 O-O 11. Bxc6 Nxc6 12. Re1 Re8 13. Qd2 Ne5 14. b3 Ng4 15. Bg5 f6 16. Bh4 h5 17. h3 Ne5 18. Rad1 c5 19. Nde2 g5 20. Bg3 Nf7 21. Bxd6 Nxd6 22. Qxd6 Bc6 23. Qxc5 Qe7 24. Qxe7 Rxe7 25. Ng3 h4 26. Nf5 Re5 27. Nd5 Rae8 28. f3 Kf7 29. Nd6+ Kg6 30. Nxe8 Rxe8 31. Kf1 Bf8 32.
Rd3 b5 33. Ne3 bxc4 34. Nxc4 Bc5 35. Red1 Rc8 36. Rd8 Rc7 37. Rg8+ Kf7 38. Rgd8 Be7 39. R8d2 Bb5 40. Rc2 a5 41. Kg1 Ke6 42. Rdc1 Bc5+ 43. Kh1 Bb4 44. Ne3 Rxc2 45. Rxc2 Bd3 46. Rc8 Ke5 47. Rd8 Bb1 48. Nd5 Bxa2 49. Nxb4 axb4 50.
Rd3 Kf4 51. Kg1 Kg3 52. Kf1 Bb1 53. Rd2 f5 54. e5 g4 55. fxg4 fxg4 56. hxg4 Bg6 57.
e6 Kxg4 58. Rf2 Kg5 59. e7 Be8 60. Ke1 Kg6 61. Rf8 Bb5 62. Kf2 Be8 63. Rxe8 1-0

[Event "Late-Titled-Tuesday-Blitz-May-14-2024"]
[Site "Chess.com"]
[Date "2024.05.14"]
[Round "9"]
[White "crazycheesecake"]
[Black "giovannibrandao7"]
[Result "1-0"]
[WhiteElo "2141"]
[BlackElo "2284"]
[TimeControl "180+1"]
[EndTime "15:44:32 PDT"]
[Termination "crazycheesecake won by resignation"]

1. Nf3 Nf6 2. c4 g6 3. g3 c5 4.
Bg2 Bg7 5. O-O Nc6 6. Nc3 O-O 7. e4 d6 8. d4 cxd4 9. Nxd4 Nxd4 10. Qxd4 Be6 11. Qd3 Rc8 12. b3 b5 13. Nxb5 Nxe4 14. Nd4 Nc5 15. Qd2 d5 16. Nxe6 Nxe6 17.
Bb2 Bxb2 18. Qxb2 dxc4 19. bxc4 Rxc4 20. Rfd1 Qa5 21. Rd5 Rc5 22. Rad1 Rxd5 23. Bxd5 Rd8 24. Qb3 Kg7 25. Bxe6 Rxd1+ 26. Qxd1 fxe6 27. Qd4+ e5 28. Qc4 Qb6 29. Qd5 Qd6 30. Qb7 Qc5 31. Qd7 h6 32. Kg2 a5 33. Qb7 Qb4 34. Qd7 Qd6 35. Qb5 Kf6 36.
h4 Qb4 37. Qc6+ Qd6 38. Qb5 Qb4 39. Qc6+ Kf7 40. h5 gxh5 41. Qxh6 Qe4+ 42. Kh2 Qg4 43. Kg2 Qe4+ 44. Kh2 Qf3 45. Kg1 Qd5 46. Qxh5+ Ke6 47.
Qg6+ Kd7 48. Qf5+ Kc6 49. Qc2+ Kb5 50. Qb2+ Kc6 51. g4 Qe4 52. Qc3+ Kd7 53. f3 Qf4 54. Qd3+ Ke6 55. Kg2 Kf7 56. Qh7+ Kf6 57. Qh8+ Ke6 58. Qg8+ Kd6 59. Qb3 Qd2+ 60. Kh3 Qf4 61. Kg2 Kc5 62.
Kh3 Kd4 63. Kg2 e4 64. Qa4+ Ke5 65. Qxe4+ Qxe4 66. fxe4 Kxe4 67. Kg3 Ke5 68. Kh4 Kf4 69. g5 e5 70. g6 e4 71. g7 e3 72. g8=Q e2 73.
Qg1 1-0

[Event "Late-Titled-Tuesday-Blitz-May-14-2024"]
[Site "Chess.com"]
[Date "2024.05.14"]
[Round "9"]
[White "alexrustemov"]
[Black "ansko1999"]
[Result "0-1"]
[WhiteElo "2887"]
[BlackElo "2651"]
[TimeControl "180+1"]
[EndTime "15:44:36 PDT"]
[Termination "ansko1999 won on time"]

1. d4 d5 2. c4 c5 3. Nc3 Nf6 4.
cxd5 Nxd5 5. Nf3 cxd4 6. Nxd5 Qxd5 7. Qxd4 Qxd4 8. Nxd4 a6 9. g3 e5 10. Nb3 a5 11. Bg2 a4 12. Nd2 Nc6 13. Nc4 Bb4+ 14.
Bd2 Bxd2+ 15. Kxd2 Ke7 16. Bxc6 bxc6 17. Nxe5 Rd8+ 18.
Nd3 Ba6 19. Rhc1 Rd6 20. Rc3 Rb8 21. Rb1 c5 22. Ke1 Bxd3 23. Rxd3 Rxd3 24. exd3 Kd6 25. Kd2 Kd5 26. Kc3 Re8 27. Rd1 Re2 28. Rd2 Re1 29. h4 h5 30. a3 Rc1+ 31. Rc2 Rd1 32. Re2 Rc1+ 33. Kd2 Rb1 34. Kc2 Rf1 35. Kc3 Rc1+ 36.
Kd2 Rb1 37. Kc2 Rf1 38. b3 Ra1 39. Kb2 Rd1 40. bxa4 Rxd3 41. a5 Kc6 42. Rc2 Kb5 43.
a6 Rd6 44. Kb3 Rxa6 45. Rc3 c4+ 46. Kb2 Re6 47. Rf3 f6 48. Kc3 Re5 49. Rf4 Re1 50.
a4+ Kxa4 51. Kxc4 Ka5 52. Kc5 Rd1 53. Rf5 Ka4 54. Rxh5 Kb3 55. Rf5 Kc3 56. h5 Rd3 57. g4 Kd2 58. f4 Ke3 59. g5 Ke4 60. gxf6 Kxf5 61. fxg7 Rd8 62. h6 Kg6 63. f5+ Kxh6 64. f6 Kg6 65. Kc6 Kxf6 66. Kc7 Rg8 67. Kd7 Rxg7+ 68.
Kd6 Re7 69. Kd5 Re6 70. Kd4 Re5 71. Kd3 Ke6 72. Kd4 Kd6 0-1

[Event "Late-Titled-Tuesday-Blitz-May-14-2024"]
[Site "Chess.com"]
[Date "2024.05.14"]
[Round "9"]
[White "ameetghasi100"]
[Black "RantomOpening"]
[Result "1-0"]
[WhiteElo "2794"]
[BlackElo "2589"]
[TimeControl "180+1"]
[EndTime "15:44:36 PDT"]
[Termination "ameetghasi100 won by checkmate"]

1. g3 d5 2. Bg2 e6 3. d3 Nf6 4. Nf3 Be7 5. O-O O-O 6. a3 c5 7. c4 Nc6 8. Nc3 d4 9. Na4 e5 10.
e3 dxe3 11. Bxe3 Bf5 12. Ne1 Nd4 13. Bxb7 Rb8 14. Bg2 Qd7 15. Ra2 Bg4 16. f3 Be6 17. Nc3 h5 18. Rf2 h4 19. g4 Bxg4 20. fxg4 Nxg4 21.
Bh3 Nxf2 22. Bxd7 Nxd1 23. Nxd1 Rfd8 24. Bh3 Rb6 25. Nc3 Rg6+ 26. Kf1 Bg5 27. Bf2 Bd2 28. Nd5 Kf8 29. Bxd4 exd4 30. Nf3 Bg5 31. b4 cxb4 32.
axb4 Be3 33. Rxa7 Rb8 34. b5 Rd6 35. b6 Rdxb6 36. Nxb6 Rxb6 37. Ne5 Rb1+ 38. Ke2 Rb2+ 39.
Kf3 Rxh2 40. Rxf7+ Ke8 41. Bd7+ Kd8 42. Ke4 Ra2 43.
Kd5 Kc7 44. c5 Kb8 45. Bb5 Ka8 46. Nc6 Bf4 47. Rxg7 h3 48. Rh7 h2 49. Nxd4 Ra1 50. Bc6+ Kb8 51. Ke6 Be3 52. Nb3 Ra6 53. Kd5 Ra3 54.
Rh8+ Kc7 55. Rh7+ Kb8 56. Kc4 Ra2 57. d4 Rc2+ 58. Kd3 Rb2 59. Kxe3 Rxb3+ 60. Ke4 Rb2 61. Ke5 Re2+ 62. Be4 Rf2 63. d5 Kc8 64. d6 Kd8 65. c6 Ke8 66. Rh8+ Kf7 67. c7 Rf6 68. Rh7+ Kg8 69.
Kxf6 h1=Q 70. Rxh1 Kf8 71. Rh8# 1-0

[Event "Late-Titled-Tuesday-Blitz-May-14-2024"]
[Site "Chess.com"]
[Date "2024.05.14"]
[Round "9"]
[White "Hakiki_satranc"]
[Black "nitpicker"]
[Result "0-1"]
[WhiteElo "2409"]
[BlackElo "2314"]
[TimeControl "180+1"]
[EndTime "15:44:37 PDT"]
[Termination "nitpicker won by checkmate"]

1. e4 c5 2. Nf3 Nc6 3. Nc3 d6 4. d4 cxd4 5. Nxd4 Nf6 6. Be3 e5 7. Nb3 h6 8. h3 Be6 9. f4 exf4 10. Bxf4 a6 11. Qe2 Ne5 12. O-O-O Qc7 13. Nd4 Bc4 14. Qe1 Rc8 15. Kb1 g6 16. g4 Bg7 17. Bg2 O-O 18. Rg1 b5 19. Qg3 b4 20. Nd5 Bxd5 21. exd5 Nfd7 22. Rc1 Nc4 23. Nf5 Bxb2 24. Nxh6+ Kg7 25. Rcf1 Bd4 26. Be4 Na3+ 27. Kc1 Nxc2 28. Bxd6 Be3+ 29. Qxe3 Nxe3+ 30. Bxc7 Rxc7+ 31. Kb2 Kxh6 32. Re1 Nc4+ 33. Ka1 Nce5 34. d6 Rc3 35. g5+ Kg7 36. h4 Rfc8 37. Bd5 Rc2 38. Rb1 a5 39. Rgf1 Rd2 40.
h5 Rxd5 41. h6+ Kg8 42. Rbd1 Rxd1+ 43. Rxd1 Rc3 44. Re1 Rd3 45. Rc1 Rxd6 46. Rc8+ Kh7 47. Rd8 Nf3 48. Kb2 Nxg5 49. Kb3 Kxh6 50. Ka4 Rd5 51.
Rc8 Ne6 52. Re8 g5 53. Re7 Ne5 54. Re8 g4 55. Rg8 Kh5 56. a3 bxa3 57. Kxa3 Rd4 58. Rh8+ Kg5 59. Rg8+ Ng6 60. Rb8 g3 61. Rb1 g2 62. Rg1 Rg4 63. Kb3 Ngf4 64. Kc2 Ne2 65. Rd1 g1=Q 66. Rd5+ f5 67. Rd7 N2f4 68. Rc7 Rg2+ 69.
Kb3 Qb6+ 70. Kc3 Qxc7+ 71. Kb3 Qb6+ 72. Kc3 Qd4+ 73. Kb3 Qb4# 0-1

[Event "Late-Titled-Tuesday-Blitz-May-14-2024"]
[Site "Chess.com"]
[Date "2024.05.14"]
[Round "9"]
[White "DominguezOnYoutube"]
[Black "FabianoCaruana"]
[Result "0-1"]
[WhiteElo "3015"]
[BlackElo "3086"]
[TimeControl "180+1"]
[EndTime "15:44:43 PDT"]
[Termination "FabianoCaruana won by resignation"]

1. e4 e5 2. Nf3 Nc6 3. Bb5 a6 4. Ba4 Nf6 5. O-O b5 6. Bb3 Bc5 7. c3 d6 8. d4 Bb6 9. Re1 O-O 10.
Bg5 h6 11. Bh4 Bg4 12. Bd5 Bd7 13. Nbd2 Re8 14. dxe5 dxe5 15. a4 Rb8 16. axb5 axb5 17. b4 Qe7 18. Qe2 Qd6 19. Bb3 Nh5 20. Rad1 Nf4 21.
Qf1 Qg6 22. Bg3 Qf6 23. Bxf4 Qxf4 24. g3 Qf6 25. Kg2 Ne7 26. Qe2 c5 27. Nf1 Bc6 28. Bd5 Nxd5 29. exd5 Ba8 30. Kg1 cxb4 31. cxb4 e4 32. Nh4 Re5 33. Ne3 Bxe3 34. Qxe3 Bxd5 35. Ng2 Bc4 36. Rd4 Rbe8 37. Nf4 Qe7 38. Red1 Qxb4 39. h4 Qc5 40. Ng2 R5e7 41. Qf4 Qe5 42. Qd2 Bd3 43. Rb4 Bc4 44. Ne3 Qc5 45. Qb2 Bd3 46. Rc1 Qe5 47. Qxe5 Rxe5 48. Rc7 R5e7 49. Rc6 Ra7 50. Rd4 Rb7 51. Rb4 Ra8 52. g4 Ra4 53. Rxa4 bxa4 54. Rc8+ Kh7 55. Ra8 Bb5 56. Ra5 Bd7 57. h5 Rb5 58.
Ra7 Be8 59. Kh2 Rb8 60. Kg3 Bc6 61. Kf4 Ra8 62. Rc7 Be8 63. Rc2 a3 64. Ra2 Bd7 65. Nc2 e3 66. Nxe3 Be6 67. Ra1 a2 68. Ke5 Rb8 69. f4 Rb5+ 70. Kd4 Rb1 71. Nc2 Rxa1 72.
Nxa1 Bxg4 73. Ke5 Bxh5 74. f5 f6+ 75. Kf4 Bf7 76. Nc2 h5 77. Kg3 Kh6 78. Kh4 g5+ 79.
fxg6 Kxg6 80. Kg3 Kg5 81. Na1 h4+ 82. Kh2 Kg4 83. Kg2 f5 0-1

[Event "Late-Titled-Tuesday-Blitz-May-14-2024"]
[Site "Chess.com"]
[Date "2024.05.14"]
[Round "9"]
[White "NikitaShnadrygin"]
[Black "Rsnr"]
[Result "0-1"]
[WhiteElo "2760"]
[BlackElo "2908"]
[TimeControl "180+1"]
[EndTime "15:44:44 PDT"]
[Termination "Rsnr won by resignation"]

1. e4 c6 2. d4 d5 3. f3 Qb6 4.
Nc3 dxe4 5. fxe4 e5 6. Nf3 exd4 7. Qxd4 Qxd4 8. Nxd4 Bc5 9. Be3 Nf6 10. O-O-O Ng4 11.
Bg1 O-O 12. h3 Ne5 13. Bh2 Nbd7 14. Nf5 Re8 15. Nd6 Bxd6 16. Rxd6 Ng6 17. Bc4 Nde5 18. Bb3 Be6 19. Rhd1 Bxb3 20. axb3 f6 21. Na4 Re7 22. Nc5 Rae8 23. R1d2 h5 24. Rf2 Nf7 25. Rd1 b6 26. Nd3 Rxe4 27. Rf5 Re2 28. Rd2 h4 29. Rf2 R2e4 30. c3 c5 31. Kc2 Ng5 32. Nf4 Nxf4 33. Bxf4 Ne6 34. Bh2 Re7 35. Kd3 Ng5 36. Bf4 Nf7 37.
Kc2 g5 38. Bb8 Kg7 39. Rf3 Kg6 40. Rdf2 Re2+ 41. Kb1 Rxf2 42. Rxf2 f5 43. Kc2 f4 44. Rd2 Kf5 45. b4 cxb4 46. cxb4 Rb7 47. Bd6 Nxd6 48. Rxd6 Re7 49. Rd5+ Re5 50. Rd2 Re3 51.
Rd5+ Kf6 52. Rd2 Rg3 53. b3 Ke5 54. Re2+ Kd5 55. Kb2 Kc6 56. Ka3 Kd6 57. Ka4 a6 58. b5 a5 59. b4 axb4 60. Kxb4 f3 61. gxf3 Rxf3 62. Rg2 Rg3 63. Rh2 Kd5 64. Rd2+ Ke5 65. Kc4 Rxh3 66. Rd5+ Kf4 67. Rd4+ Kf5 68. Rd5+ Kg4 69.
Rd4+ Kh5 70. Rd6 Rh1 71. Rxb6 h3 72. Rb8 g4 73. Rh8+ Kg5 74. Kd3 Rb1 75. Rg8+ Kf4 76. Rf8+ Kg3 0-1

[Event "Late-Titled-Tuesday-Blitz-May-14-2024"]
[Site "Chess.com"]
[Date "2024.05.14"]
[Round "9"]
[White "nabukatnezarr"]
[Black "cthulhuuu"]
[Result "1-0"]
[WhiteElo "2628"]
[BlackElo "2481"]
[TimeControl "180+1"]
[EndTime "15:44:56 PDT"]
[Termination "nabukatnezarr won on time"]

1. b3 Nf6 2. Bb2 g6 3. Bxf6 exf6 4. c4 Bg7 5. Nc3 f5 6. e3 f4 7. exf4 Nc6 8. Nf3 O-O 9. Be2 d5 10. Nxd5 Bxa1 11. Qxa1 f6 12. O-O Be6 13. Ne3 Qd6 14. g3 Rad8 15. Rd1 Nd4 16. Nxd4 Qxd4 17. Qb1 Rfe8 18.
h4 Bd7 19. h5 Kg7 20. Qc2 Bc6 21. Bf1 Bf3 22. Re1 Qxd2 23. Qxd2 Rxd2 24. Nf5+ gxf5 25. Rxe8 Rd1 26. Re3 Bc6 27. f3 Kh6 28. Kf2 Rd2+ 29. Re2 Rxe2+ 30. Bxe2 Kxh5 31. b4 b6 32. Ke3 Kg6 33. Kd4 Kf7 34. c5 Ke7 35. b5 Bb7 36. Bd3 Bc8 37. a4 Be6 38. Bc2 h6 39.
Bd1 Ba2 40. Bc2 Be6 41. Bd3 Bb3 42. Bxf5 Bxa4 43. Bd3 Bd1 44. Be4 Be2 45. Bc6 a6 46. cxb6 cxb6 47. bxa6 Bxa6 48. g4 Kd6 49. Be4 Be2 50.
Ke3 Bd1 51. Kd4 Be2 52. Ke3 Ba6 53. Kd4 Bb5 54. Bb7 Bc6 55. Bxc6 Kxc6 56. Ke4 b5 57. Kd4 Kd6 58. f5 Kc6 59. f4 Kd6 60. Kc3 Kd5 61. Kb4 Ke4 62. g5 Kxf5 63. gxh6 Kg6 64. Kxb5 Kxh6 65. Kc5 Kh5 66. Kd5 Kg4 67. Ke4 Kh5 68. Kf5 Kh6 69. Kxf6 Kh7 70. Ke7 Kg6 71.
Ke6 Kg7 72. f5 Kf8 73. Kf6 Kg8 74. Ke7 Kh8 75. f6 1-0

[Event "Late-Titled-Tuesday-Blitz-May-14-2024"]
[Site "Chess.com"]
[Date "2024.05.14"]
[Round "9"]
[White "lilylg"]
[Black "gabduschew"]
[Result "0-1"]
[WhiteElo "2204"]
[BlackElo "2365"]
[TimeControl "180+1"]
[EndTime "15:45:00 PDT"]
[Termination "gabduschew won by resignation"]

1. d4 Nf6 2. c4 e5 3. dxe5 Ng4 4. Bf4 Nc6 5. Nf3 f6 6. e3 fxe5 7. Bg5 Be7 8. Bxe7 Qxe7 9. Nc3 d6 10. Be2 O-O 11. h3 Nf6 12. Nd5 Nxd5 13. cxd5 Nd8 14. Qc2 Bf5 15. e4 Bg6 16. Rc1 Rc8 17. h4 Bh5 18. Rh3 Nf7 19. Qd2 h6 20. Qe3 Nh8 21. Kd2 Ng6 22. Rg1 Nf4 23. Rh2 Nxe2 24. Kxe2 Rf4 25.
Rh3 Qd7 26. g4 Bxg4 27. Rhg3 Bxf3+ 28. Rxf3 Qb5+ 29. Ke1 Qxb2 30. Rfg3 Qa1+ 31. Kd2 Qxa2+ 32. Kd1 Qb1+ 33. Kd2 Qb4+ 34. Kd1 Qxe4 35. Qxe4 Rxe4 36. Rxg7+ Kh8 37. h5 Rh4 38. Rd7 Rxh5 39. Rgg7 Rg5 40. Rh7+ Kg8 41. Rxh6 Rg7 42. Rxg7+ Kxg7 43. Rh3 c6 44. Rc3 c5 45. Ra3 a6 46. Rg3+ Kf7 47.
Rh3 Rg8 48. Rh6 Ke7 49. Rh7+ Kd8 50. Rxb7 Rg4 51. Ke2 Rd4 52. Rb6 Rxd5 53. Rxa6 Kd7 54. Ra7+ Ke6 55. Ra8 Rd4 56. Ke3 Kd5 57. Rd8 Re4+ 58.
Kd3 Rf4 59. Ke3 Ke6 60. Re8+ Kd5 61. Rd8 c4 62. Rc8 Re4+ 63. Kd2 Rd4+ 64. Ke3 Rd3+ 65.
Ke2 e4 66. Rc7 Kd4 67. Rc6 d5 68. Ra6 e3 69. f4 Rd2+ 70. Kf3 Rf2+ 71. Kg4 Ke4 72.
Re6+ Kd4 73. f5 e2 74. f6 Kd3 75. f7 Rxf7 76. Re5 d4 77. Kg3 Kd2 78. Kg2 d3 79.
Kh2 e1=Q 80. Rxe1 Kxe1 81. Kg2 Ke2 0-1

[Event "Late-Titled-Tuesday-Blitz-May-14-2024"]
[Site "Chess.com"]
[Date "2024.05.14"]
[Round "9"]
[White "Magicmaster17"]
[Black "GoltsevDmitry2000"]
[Result "1-0"]
[WhiteElo "2894"]
[BlackElo "2743"]
[TimeControl "180+1"]
[EndTime "15:45:19 PDT"]
[Termination "Magicmaster17 won by checkmate"]

1. c4 e5 2. Nc3 Bb4 3. Nd5 Bc5 4. Nf3 e4 5. d4 Bf8 6. Nd2 c6 7. Nc3 d5 8. cxd5 cxd5 9. Nb3 Nc6 10. Bf4 a6 11. e3 Nge7 12. Rc1 Ng6 13. Bg3 Be7 14. Be2 O-O 15. O-O Be6 16. Na4 f5 17. Nbc5 Bc8 18. f4 Rf6 19. Qb3 Na5 20. Qc3 b5 21. b4 Nc4 22. Nb2 Rc6 23. a4 Nf8 24. Ra1 Be6 25. Ra2 Bf7 26. Rfa1 Rcc8 27. Nd1 Bf6 28.
Qc1 Ne6 29. Bf2 g5 30. g3 gxf4 31. gxf4 Kh8 32. Kh1 Bh4 33. Bg1 Qg8 34. Nc3 Qg6 35. axb5 Rg8 36. Qf1 Ra7 37. bxa6 Nxd4 38. exd4 e3 39.
Bf3 Be6 40. Rg2 Qf7 41. Rxg8+ Qxg8 42. Qh3 Bf6 43. Qg2 Qf7 44. Bxd5 Bxd4 45. Bxe6 Qf8 46. Rc1 Rg7 47. Qf3 Nd2 48. Qe2 Qa8+ 49. Bd5 Qd8 50. Ne6 Qh4 51. Nxg7 Kxg7 52. Qg2+ Kf6 53. a7 Bxa7 54.
Ne2 Ne4 55. Rc6+ Ke7 56. Ng3 Nf2+ 57. Bxf2 exf2 58. Rc1 Qg4 59. Rf1 Kf6 60. Qf3 Qh4 61. Qh5 Qxf4 62. Qxf5+ Qxf5 63. Nxf5 Kxf5 64. Bg2 Kf4 65. Rb1 Ke3 66. Bf1 Bb6 67. Kg2 Kd2 68. Rb3 h5 69. Rd3+ Kc2 70. Rh3 h4 71. Rxh4 Kc3 72. Rc4+ Kb3 73. b5 Kb2 74. Rc6 Bd4 75. h4 Kb3 76. h5 Be3 77. h6 Bd4 78. h7 Kb2 79. Rd6 Bc3 80. Rh6 Kb3 81. h8=Q Kb4 82.
Rh4+ Kb3 83. Rh3 Ka4 84. Rxc3 Ka5 85. Qg7 Kb4 86. Rc7 Ka5 87. b6 Kb4 88. b7 Ka3 89. b8=Q Ka4 90. Ra7# 1-0